Map: Romanticide LE

Players

Trap

  • Race: Protoss Protoss
  • League: Master
  • Spawn Location: 11:00

ByuN - Winner!

  • Race: Terran Terran
  • League: Master
  • Spawn Location: 5:00

VOD

Have the link to the VOD?

Description

Time

  • Played on: Jan. 13, 2021, 10:37 a.m.
  • Length: 10:31
Show
View Real Time Build Order
Export as new Build Order

Trap Protoss 

Build Orders: Colossus Rush 

Get SALT Encoding   

  12  0:00  Probe  
  13  0:12  Probe  
  14  0:18  Pylon  
  14  0:24  Probe  
  15  0:36  Probe  
  15  0:38  Gateway  
  16  0:47  Pylon  
  16  0:49  Probe  
  17  1:01  Probe  
  18  1:05  Gateway  
  18  1:09  Assimilator  
  18  1:13  Probe  
  19  1:25  Probe  
  19  1:26  Cybernetics Core  
  19  1:31  Assimilator  
  20  1:38  Probe  
  21  1:50  Probe  
  21  1:59  Stalker (Chrono Boost)  
  21  2:00  Adept (Chrono Boost)  
  21  2:02  Probe  
  26  2:14  Pylon, Probe  
  26  2:15  Warp Gate (Chrono Boost)  
  27  2:19  Stalker (Chrono Boost)  
  31  2:33  Stalker (Chrono Boost)  
  31  2:37  Shield Battery  
  31  2:42  Stalker  
  33  2:58  Robotics Facility  
  33  3:18  Nexus  
  33  3:20  Probe  
  32  3:32  Probe  
  31  3:44  Probe  
  31  3:46  Observer  
  33  3:56  Probe  
  33  3:57  Stalker x2  
  38  4:03  Pylon  
  38  4:08  Observer  
  38  4:09  Pylon  
  39  4:12  Robotics Bay  
  39  4:23  Probe (Chrono Boost)  
  40  4:30  Probe (Chrono Boost)  
  40  4:31  Warp Prism  
  43  4:33  Sentry  
  47  4:39  Probe (Chrono Boost)  
  47  4:40  Probe (Chrono Boost)  
  48  4:47  Probe (Chrono Boost)  
  48  4:48  Stalker  
  48  4:50  Probe (Chrono Boost)  
  48  4:52  Probe (Chrono Boost)  
  51  4:57  Probe  
  51  4:59  Gateway  
  53  5:03  Probe  
  53  5:09  Probe  
  53  5:13  Colossus (Chrono Boost)  
  57  5:19  Probe  
  57  5:21  Probe  
  61  5:25  Assimilator  
  61  5:31  Probe  
  61  5:33  Probe  
  63  5:41  Gravitic Drive (Chrono Boost)  
  59  5:43  Probe  
  59  5:45  Probe  
  59  5:46  Gateway  
  59  5:48  Assimilator  
  61  5:51  Pylon  
  61  5:53  Stalker  
  61  5:55  Probe  
  64  5:57  Probe  
  64  6:01  Observer  
  66  6:05  Forge  
  66  6:09  Probe x2  
  68  6:12  Twilight Council  
  68  6:26  Pylon  
  68  6:27  Probe x2  
  68  6:32  Immortal (Chrono Boost)  
  70  6:39  Nexus  
  74  6:42  Pylon  
  74  6:43  Protoss Ground Armor Level 1  
  74  6:45  Probe  
  75  6:50  Zealot x3  
  80  6:57  Charge (Chrono Boost)  
  80  6:59  Pylon  
  80  7:04  Immortal  
  84  7:12  Zealot  
  84  7:15  Pylon  
  86  7:16  Pylon  
  76  7:30  Probe x2  
  76  7:35  Stalker  
  76  7:36  Stalker  
  75  7:38  Nexus  
  75  7:41  Templar Archives  
  75  7:49  Gateway x2  
  75  7:54  Stalker  
  77  8:04  Probe (Chrono Boost)  
  63  8:06  Stalker x2  
  63  8:08  Probe (Chrono Boost)  
  65  8:16  Warp Prism (Chrono Boost), Probe (Chrono Boost)  
  69  8:21  Probe x2 (Chrono Boost)  
  69  8:26  Shield Battery  
  70  8:30  High Templar x2  
  70  8:31  High Templar  
  76  8:37  Photon Cannon  
  76  8:39  Archon  
  76  8:44  Zealot  
  76  8:45  High Templar  
  79  8:49  Probe x2  
  73  9:01  Probe  
  66  9:03  Zealot, High Templar x2  
  72  9:11  High Templar  
  72  9:12  Archon  
  72  9:16  Archon  
  74  9:19  Zealot  
  74  9:22  Gateway  
  74  9:24  Gateway  
  76  9:33  Zealot  
  76  9:36  Zealot x2  
  81  9:51  Zealot x2  
  74  10:06  Zealot x3  
  62  10:18  High Templar  
  62  10:19  High Templar  
  65  10:24  Archon  
  65  10:27  Zealot x2  
Show
View Real Time Build Order
Export as new Build Order

ByuN Terran - Winner!

Build Orders: 1/1/1, Widow Mine Drop 

Get SALT Encoding   

  12  0:00  SCV  
  13  0:12  SCV  
  14  0:17  Supply Depot  
  14  0:24  SCV  
  15  0:39  Barracks, SCV  
  15  0:42  Refinery  
  16  0:51  SCV  
  16  0:54  Refinery  
  17  1:03  SCV  
  18  1:15  SCV  
  19  1:26  Marine  
  19  1:27  Orbital Command  
  20  1:34  Factory  
  20  1:41  Supply Depot  
  20  1:45  Barracks Reactor  
  21  1:54  SCV  
  21  2:06  SCV  
  22  2:18  SCV  
  22  2:20  Supply Depot, Starport  
  23  2:28  Widow Mine x2  
  23  2:29  Marine  
  28  2:30  SCV  
  29  2:42  SCV  
  35  2:56  SCV  
  35  2:57  Medivac  
  37  3:04  Bunker  
  37  3:05  Supply Depot  
  33  3:07  Marine x2  
  33  3:08  Factory Tech Lab  
  35  3:25  Marine x2  
  37  3:27  SCV  
  38  3:37  Siege Tank  
  40  3:43  Command Center, Marine x2  
  42  3:49  Viking  
  44  3:57  SCV  
  44  3:59  Supply Depot  
  44  4:02  Marine  
  40  4:03  Marine  
  41  4:16  SCV  
  42  4:19  Marine  
  42  4:21  Marine  
  42  4:22  Factory Tech Lab  
  44  4:28  SCV  
  44  4:30  Raven  
  47  4:38  Marine  
  48  4:39  Marine  
  48  4:40  SCV  
  48  4:41  Siege Tank  
  53  4:51  Barracks  
  53  4:52  SCV  
  54  4:59  Orbital Command  
  54  5:06  Marine x2  
  54  5:08  SCV  
  55  5:15  Siege Tank  
  55  5:19  Orbital Command  
  55  5:20  SCV  
  59  5:23  Medivac  
  61  5:30  Marine x2  
  60  5:42  SCV  
  58  5:48  Siege Tank, Marine x2  
  63  5:54  SCV x2  
  65  6:02  Marine  
  66  6:06  Marine x2  
  66  6:08  Supply Depot, SCV x2  
  66  6:10  Stimpack  
  70  6:12  Barracks  
  70  6:15  Refinery  
  70  6:18  Engineering Bay  
  70  6:19  Starport Reactor  
  70  6:20  Marine  
  70  6:21  SCV x2  
  73  6:27  Marine  
  73  6:28  Marine  
  73  6:30  Factory Reactor  
  73  6:31  Supply Depot  
  75  6:33  SCV  
  75  6:38  Marauder  
  78  6:42  Supply Depot  
  78  6:44  SCV  
  78  6:45  SCV, Marine x2  
  78  6:46  Terran Infantry Weapons Level 1  
  82  6:48  Refinery  
  81  6:56  SCV  
  81  6:57  Viking  
  78  7:01  SCV  
  75  7:12  Marauder  
  75  7:13  Marine x2  
  79  7:16  SCV x2  
  81  7:27  Missile Turret  
  81  7:28  Factory Tech Lab  
  70  7:31  SCV x2  
  70  7:33  Marauder x2, Marine  
  70  7:35  Marine  
  75  7:40  Medivac  
  77  7:46  Medivac  
  77  7:47  SCV  
  77  7:50  SCV  
  81  7:51  Marine  
  81  7:54  Marine  
  81  8:00  SCV  
  81  8:02  SCV  
  80  8:07  Marauder  
  80  8:09  Marauder  
  80  8:10  Marine  
  80  8:12  SCV  
  86  8:14  SCV  
  87  8:24  SCV  
  87  8:26  Combat Shield, SCV  
  89  8:27  Concussive Shells  
  89  8:30  Medivac x2  
  89  8:33  Marauder  
  95  8:36  Marauder  
  95  8:37  Marine  
  95  8:38  Marine  
  95  8:41  SCV  
  100  8:42  SCV  
  98  8:57  SCV x2  
  98  9:00  Marauder x2  
  98  9:01  Marine x2  
  99  9:09  SCV  
  102  9:17  Widow Mine  
  102  9:19  Supply Depot, Widow Mine  
  104  9:25  Command Center  
  104  9:26  Marine  
  104  9:29  Marauder x2  
  103  9:33  Marine  
  103  9:34  Medivac x2  
  108  9:42  Widow Mine x2  
  112  9:49  Marine  
  112  9:51  Marauder  
  107  10:03  Widow Mine  
  107  10:06  Marauder  
  115  10:08  Marine x2  
  115  10:10  Widow Mine  
Tags
 
Add a new tag
Caveats
  • Supply blocks, unpowered buildings, or Contaminate may cause inaccurate times.
  • Supply counts are checked every 10 seconds.